 Dungeon Crawl Stone Soup version 0.27-a0-1202-ge72e49191c (webtiles) character file.

Game seed: 9305654306359597504

3661 Ijustatesigmund the Fighter (level 9, -8/75 HPs)
             Began as a Demonspawn Fighter on June 2, 2021.
             Mangled by Grum
             ... wielding a +1 glaive of venom
              (18 damage)
             ... on level 8 of the Dungeon.
             The game lasted 00:12:48 (7060 turns).

Ijustatesigmund the Fighter (Demonspawn Fighter)    Turns: 7060, Time: 00:12:48

Health: -8/75      AC: 14    Str: 16    XL:     9   Next: 89%
Magic:  9/9        EV: 10    Int: 15    God:
Gold:   61         SH:  0    Dex: 15    Spells: 8/8 levels left

rFire    . . .     SeeInvis .   a - +1 war axe
rCold    . . .     Faith    .   c - +0 kite shield
rNeg     . . .     Spirit   .   b - +0 chain mail
rPois    .         Reflect  .   f - +0 helmet
rElec    .         Harm     .   u - +0 cloak
rCorr    .         Rampage  .   (no gloves)
Will     .....                  m - +0 pair of boots "Ymeihog" {Int+4}
Stlth    ..........             q - amulet of regeneration
HPRegen  1.22/turn              l - +4 ring of evasion
MPRegen  0.11/turn              (no ring)

@: confused, lethally poisoned (-8 -> -16), ambrosia-drunk
A: claws 2, spiny 2
a: no special abilities


You were on level 8 of the Dungeon.
You visited 1 branch of the dungeon, and saw 8 of its levels.
You also visited: Sewer.

You collected 364 gold pieces.
You spent 303 gold pieces at shops.

Inventory:

Hand Weapons
 a - a +1 war axe (weapon)
Armour
 b - a +0 chain mail (worn)
 c - a +0 kite shield (worn)
 f - a +0 helmet (worn)
 m - the +0 pair of boots "Ymeihog" (worn) {Int+4}
   (You bought it in a shop on level 2 of the Dungeon)

   It affects your intelligence (+4).
 u - a +0 cloak (worn)
Jewellery
 i - an amulet of reflection
 l - a +4 ring of evasion (left claw)
 q - an amulet of regeneration (around neck)
Wands
 d - a wand of flame (18)
Scrolls
 o - 2 scrolls of fog
 r - 4 scrolls of teleportation
 w - a scroll of immolation
Potions
 e - a potion of brilliance
 h - a potion of magic
 k - 5 potions of flight
 s - 2 potions of lignification
 t - 2 potions of resistance
 v - a potion of mutation


   Skills:
 + Level 8.4 Fighting
 + Level 8.0 Axes
 - Level 6.0 Armour
 + Level 3.5 Dodging
 + Level 4.6 Shields


You had 8 spell levels left.
You didn't know any spells.
Your spell library contained the following spells:

 Spells                   Type           Power      Damage    Failure   Level
 Sandblast                Erth           0%         2d4       100%        1
 Passwall                 Tmut/Erth      0%         N/A       100%        2
 Confusing Touch          Hex            0%         N/A       100%        3
 Gell's Gravitas          Tloc           0%         N/A       100%        3
 Stone Arrow              Conj/Erth      0%         3d7       100%        3
 Petrify                  Tmut/Erth      0%         N/A       100%        4
 Lee's Rapid Deconstruct  Erth           0%         3d5*      100%        5
 Metabolic Englaciation   Hex/Ice        0%         N/A       100%        5
 Yara's Violent Unravell  Hex/Tmut       0%         3d3       100%        5


Dungeon Overview and Level Annotations

Branches:
Dungeon (8/15)             Temple (0/1) D:4           Sewer (visited)
   Lair: D:8-11

Altars:
Dithmenos
Hepliaklqana
Makhleb
Okawaru
Wu Jian
Zin

Shops:
D:2 [=(   D:7 *   D:8 ?=

Annotations:
D:8 Grum


Innate Abilities, Weirdness & Mutations

You have very sharp fingernails.
You are mostly covered in sharp spines.


Message History

You feel very sick. You block the wolf's attack.
Grum hits you with a +1 glaive of venom!
* * * LOW HITPOINT WARNING * * *
You are more poisoned.
You block the wolf's attack.
Okay, then.
You feel better. The wolf is struck by your spines. The wolf barely misses you.
Grum hits you with a +1 glaive of venom!
* * * LOW HITPOINT WARNING * * *
You are poisoned.
The wolf bites you but does no damage.
You feel better. Grum barely misses you. The wolf is struck by your spines.
You kill the wolf!
Okay, then.
You barely miss Grum.
Grum is moderately wounded.
You block Grum's attack. x2
You closely miss Grum.
Grum is moderately wounded.
Grum hits you but does no damage.
You closely miss Grum.
Grum is moderately wounded.
Grum is struck by your spines.
Grum hits you with a +1 glaive of venom!
* * * LOW HITPOINT WARNING * * *
You are poisoned.
You are confused.
You feel invigorated.
You feel very sick. Grum is struck by your spines.
Grum hits you with a +1 glaive of venom!
* * * LOW HITPOINT WARNING * * *
You are lethally poisoned!
You bump into the rock wall.
* * * LOW HITPOINT WARNING * * *
You feel very sick. Grum is struck by your spines.
Grum hits you with a +1 glaive of venom!!
You die...

#.# ....... #.# #..§..
##########.#####.§_§# #
.).............#.§§.#.#
########.[)8##.#§§#...#
#.# #.#..##........#
#.# #.8<∩.8.#..#####
#.# ###.....#.†# #..
##########.8...#@.# #.#
...............#g.# #.#
##########.....#..#
#######.#####
##...##...
.......(.<...
######......#####.#####
###### #.# ####.#
#....## #.##..#


You could see Grum.

Vanquished Creatures
  A komodo dragon (D:7)
  Prince Ribbit (D:6)
  Grinder (D:4)
  Sigmund (D:4)
  Eustachio (D:4)
  A steam dragon (D:6)
  Edmund (D:6)
  A water moccasin (D:7)
  A sky beast (D:6)
  An ice beast (D:3)
  A necrophage (D:6)
  A black bear (D:5)
  An orc warrior (D:5)
  2 centaurs (D:7)
  3 wolves (D:8)
  2 bullfrogs
  A scorpion (D:7)
  2 kobold brigands
  A wyvern skeleton (D:7)
  A water moccasin zombie (D:5)
  A howler monkey (D:7)
  A bullfrog zombie (D:5)
  2 centaur zombies
  2 jellies
  4 hounds
  4 orc priests
  A gnoll shaman (D:8)
  A bullfrog skeleton (D:4)
  A centaur skeleton (D:5)
  Crazy Yiuf (D:6)
  2 iguanas
  8 orc wizards
  A killer bee zombie (D:6)
  7 gnolls
  9 adders
  A shadow imp (D:6)
  2 white imps
  An adder skeleton (D:4)
  A dart slug (D:1)
  22 orcs
  6 bats
  6 endoplasms
  7 giant cockroaches
  9 goblins
  5 hobgoblins
  12 jackals
  2 quokkas
  6 ball pythons
  2 frilled lizards
  11 kobolds
  6 rats
169 creatures vanquished.

Notes
Turn   | Place    | Note
-------+----------+-------------------------------------------
     0 | D:1      | Ijustatesigmund the Demonspawn Fighter began the quest for
                  | the Orb.
     0 | D:1      | Reached XP level 1. HP: 18/18 MP: 1/1
    98 | D:1      | Gained mutation: You are partially covered in sharp spines.
                  | [demonic ancestry]
    98 | D:1      | Reached XP level 2. HP: 19/24 MP: 2/2
   495 | D:1      | Found a faded altar of an unknown god.
   694 | D:1      | Gained mutation: You are mostly covered in sharp spines.
                  | [demonic ancestry]
   694 | D:1      | Reached XP level 3. HP: 29/29 MP: 3/3
   954 | D:2      | Found Fitzopn's Antique Armour Boutique.
  1371 | D:2      | Found Wadwef's Jewellery Shop.
  1408 | D:2      | Found a shadowy altar of Dithmenos.
  1420 | D:2      | Found Ohimy's Antique Weapon Emporium.
  1695 | D:3      | Reached XP level 4. HP: 22/37 MP: 4/4
  2045 | D:3      | Noticed an ice beast
  2056 | D:3      | Killed an ice beast
  2057 | D:3      | Reached XP level 5. HP: 17/42 MP: 5/5
  2635 | D:4      | Noticed Sigmund
  2637 | D:4      | Noticed Grinder
  2641 | D:4      | Paralysed by Grinder for 2 turns
  2643 | D:4      | Killed Sigmund
  2644 | D:4      | Gained mutation: You have sharp fingernails. [demonic
                  | ancestry]
  2644 | D:4      | Reached XP level 6. HP: 21/49 MP: 6/6
  2649 | D:4      | Killed Grinder
  2650 | D:4      | Reached skill level 5 in Fighting
  2650 | D:4      | Reached skill level 5 in Axes
  2650 | D:4      | Gained mutation: You have very sharp fingernails. [demonic
                  | ancestry]
  2650 | D:4      | Reached XP level 7. HP: 30/56 MP: 7/7
  2874 | D:4      | Found a glowing drain.
  2900 | Sewer    | Entered a sewer
  3364 | D:4      | Noticed Eustachio
  3381 | D:4      | Killed Eustachio
  3805 | D:4      | Found a staircase to the Ecumenical Temple.
  3902 | D:2      | Bought a pair of warped boots for 180 gold pieces
  3902 | D:2      | Identified the +0 pair of boots "Ymeihog" {Int+4} (You
                  | bought it in a shop on level 2 of the Dungeon)
  4138 | D:5      | Entered Level 5 of the Dungeon
  4307 | D:5      | Reached XP level 8. HP: 64/64 MP: 8/8
  4506 | D:5      | Reached skill level 5 in Armour
  4723 | D:5      | Found a burning altar of Makhleb.
  4796 | D:5      | Found an iron altar of Okawaru.
  4908 | D:6      | Noticed Edmund
  4926 | D:6      | Killed Edmund
  5372 | D:6      | Reached XP level 9. HP: 62/72 MP: 9/9
  5445 | D:6      | Noticed Prince Ribbit
  5456 | D:6      | Killed Prince Ribbit
  5457 | D:6      | Reached skill level 1 in Dodging
  5541 | D:6      | Found a runed translucent door.
  5542 | D:6      | Noticed Crazy Yiuf
  5546 | D:6      | Killed Crazy Yiuf
  5852 | D:7      | Found an ornate altar of the Wu Jian Council.
  5909 | D:7      | Found Oczer's Assorted Antiques.
  5931 | D:7      | Bought a brown potion for 21 gold pieces
  5931 | D:7      | Bought a viscous white potion for 21 gold pieces
  5931 | D:7      | Bought a bubbling orange potion for 21 gold pieces
  6007 | D:7      | Noticed a komodo dragon
  6022 | D:7      | Killed a komodo dragon
  6840 | D:8      | Found Ystux's Magic Scroll Emporium.
  6848 | D:8      | Bought a scroll of identify for 30 gold pieces
  6848 | D:8      | Bought a scroll of identify for 30 gold pieces
  6852 | D:8      | Found a hazy altar of Hepliaklqana.
  7028 | D:8      | Found Zoavi's Jewellery Emporium.
  7041 | D:8      | Found a shadowy altar of Dithmenos.
  7043 | D:8      | Noticed Grum
  7060 | D:8      | Mangled by Grum

Illustrated notes

Levels and vault maps discovered:
D:1:      dpeg_arrival_round_b, layout_loops_ring, basic_ecumenical_altar,
          minivault_19
D:2:      layout_rooms, serial_shops, nicolae_shop_window_shopping, shop,
          nicolae_shop_waterfront, basic_altar
D:3:      layout_basic, minmay_crystal_room
D:4:      layout_rooms, minmay_temple_entry_crystal_x, gup_sewer_entry_glass,
          minmay_misc_feat_x, chequers_serial_rivers_small_3, uniq_grinder,
          uniq_sigmund, uniq_eustachio
D:5:      layout_rooms, old_standard_altar, lemuel_coloured_pillars_altar,
          chequers_hall_statues_corner_a, minmay_a_box_with_orc_wizards_in_it
D:6:      layout_loops_ring, lemuel_tele_altar, chequers_serial_rivers_small_a,
          uniq_crazy_yiuf_cottage, uniq_edmund, uniq_prince_ribbit1
D:7:      layout_basic, lemuel_round_altar, serial_shops, nicolae_shop_crystal
D:8:      layout_loops_ring, grunt_dithmenos_smoke, general_overflow_altar,
          serial_shops, nicolae_shop_waterfront, nicolae_shop_crystal,
          nicolae_shop_statue_plus, kennysheep_mini,
          hangedman_abyss_or_decor_lesser_grid, uniq_grum

Skill      XL: |  1  2  3  4  5  6  7  8  9 |
---------------+----------------------------+-----
Axes           | 2 3 4 5 7 8 |  8.0
Fighting       | 4 5 6 7 8 |  8.4
Armour         | 3 4 6 |  6.0
Dodging        | 3 |  3.5
Shields        | 4 |  4.6

Action                   |  1- 3 |  4- 6 |  7- 9 || total
-------------------------+-------+-------+-------++-------
Melee: War axe           |    75 |    39 |   308 ||   422
  Use: Scroll            |     3 |     2 |     8 ||    13
       Potion            |       |     3 |    11 ||    14
Armor: Scale mail        |    35 |    23 |    95 ||   153
       Chain mail        |       |       |    18 ||    18
       Skin              |       |       |     2 ||     2
Dodge: Dodged            |    22 |     3 |   121 ||   146
Block: Kite shield       |    47 |    19 |   234 ||   300
       Reflection        |       |     1 |     2 ||     3

Table legend: (Time is in decaauts)
 A = Elapsed time spent in this place.
 B = Non-inter-level travel time spent in this place.
 C = Inter-level travel time spent in this place.
 D = Time resting spent in this place.
 E = Time spent auto-exploring this place.
 F = Levels seen in this place.
 G = Mean time per level.
                   A        B        C        D        E       F      G
               +--------+--------+--------+--------+--------+-----+--------+
         Total |   7298 |   6944 |    354 |   1377 |   4396 |   9 |  810.9 |
       Dungeon |   6957 |   6603 |    354 |   1219 |   4267 |   8 |  869.6 |
         Sewer |    340 |    340 |      0 |    158 |    129 |   1 |  340.0 |
               +--------+--------+--------+--------+--------+-----+--------+

Top non-repeatable levels by time:
     D:4: 1161 daAuts
     D:3: 1127 daAuts
     D:7: 1004 daAuts
     D:1: 987 daAuts
     D:6: 899 daAuts
     D:5: 826 daAuts
     D:2: 670 daAuts
   Sewer: 340 daAuts
     D:8: 281 daAuts
